 Dungeon Crawl Stone Soup version 0.29-a0-598-gd8304a5bf4 (console) character file.

Game seed: 18289682486619046966

2400 om the Magician (level 9, -1/55 HPs)
             Began as a Djinni Ice Elementalist on June 15, 2022.
             Was an Initiate of Yredelemnul.
             Slain by a sky beast (6 damage)
             ... on level 7 of the Dungeon.
             The game lasted 00:18:37 (9907 turns).

om the Magician (Djinni Ice Elementalist)           Turns: 9907, Time: 00:18:37

Health: -1/55      AC:  4    Str: 15    XL:     9   Next: 75%
Gold:   175        EV: 14    Int: 18    God:    Yredelemnul [......] SH:  0 Dex: 15

rFire   + + .      SeeInvis .   o - +3 dagger (venom)
rCold   x . .      Faith    .   (no shield)
rNeg    . . .      Spirit   .   a - +1 robe
rPois   ∞          Reflect  .   b - +0 helmet
rElec   .          Harm     .   (no cloak)
rCorr   .          Rampage  .   (no gloves)
Will    .....                   (boots unavailable)
Stlth   +++.......              (no amulet)
HPRegen 0.18/turn               h - +6 ring of strength
MPRegen 0.00/turn               m - ring of wizardry

@: flying
A: sickness immunity, fire resistance 2, cold vulnerability 1, float, innate
caster, HP casting, extra vitality 1
a: Renounce Religion, Recall Undead Harvest


You were on level 7 of the Dungeon.
You worshipped Yredelemnul.
Yredelemnul was noncommittal.
You visited 1 branch of the dungeon, and saw 7 of its levels.

You collected 477 gold pieces.
You spent 302 gold pieces at shops.

Inventory:

Hand Weapons
 o - a +3 dagger of venom (weapon)
Missiles
 z - 3 throwing nets
Armour
 a - a +1 robe (worn)
 b - a +0 helmet (worn)
 i - the +5 kite shield of the Iron City of Dis {Regen+}
   (You acquired it on level 3 of the Dungeon)

   Regen:     It increases your rate of health regeneration.
 p - +0 storm dragon scales
Jewellery
 h - a +6 ring of strength (left hand)
 m - a ring of wizardry (right hand)
 y - a ring of fire
 A - an amulet of faith
Wands
 s - a wand of flame (27)
 E - a wand of light (8)
Scrolls
 c - a scroll of enchant armour
 k - a scroll of blinking
 n - 3 scrolls of poison
 q - a scroll of brand weapon
 t - a scroll of immolation
 u - a scroll of fog {unknown}
 B - a scroll of vulnerability
 C - a scroll of teleportation {unknown}
 D - a scroll of torment {unknown}
Potions
 d - a potion of brilliance
 e - 2 potions of might {unknown}
 g - 3 potions of lignification
 j - a potion of berserk rage
 l - 3 potions of curing
 r - 2 potions of invisibility
 v - a potion of attraction
 w - 2 potions of magic {unknown}
 x - 2 potions of cancellation


   Skills:
 * Level 5.8 Armour
 - Level 5.0 Dodging
 - Level 4.0 Stealth
 * Level 1.7 Shields
 * Level 6.8 Spellcasting
 * Level 4.3 Invocations


You couldn't memorise any spells.
You knew the following spells:

 Your Spells              Type           Power      Damage    Failure   Level
a - Freeze                Ice            100%       1d11      1%          1
b - Frozen Ramparts       Ice            60%        1d8       1%          3
c - Ozocubu's Armour      Ice            30%        N/A       1%          3
d - Hailstorm             Conj/Ice       30%        3d8       2%          4
e - Apportation           Tloc           60%        N/A       1%          1
f - Poisonous Vapours     Pois/Air       60%        N/A       1%          2
g - Call Canine Familiar  Summ           30%        N/A       1%          3
h - Dispel Undead         Necr           30%        3d14      2%          4
Your spell library was empty.

Dungeon Overview and Level Annotations

Branches:
Dungeon (7/15)             Temple (0/1) D:7

Altars:
Trog
Yredelemnul

Shops:
D:4 !   D:6 [:[*


Innate Abilities, Weirdness & Mutations

You are immune to sickness and miasma.
You are immune to poison.
Your flesh is very heat resistant. (rF++)
You are vulnerable to cold. (rC-)
You float through the air rather than walking.
You learn spells naturally, not from books.
Your magical power is your life essence.
You have superior vitality. (+4 MHP)


Message History

Your kobold brigand zombie hits the sky beast but does no damage.
The sky beast flickers out of sight!
Deactivating autopickup; reactivate with Ctrl-A.
Something barely misses your orc wizard zombie.
A sky beast appears from thin air!
Reactivating autopickup.
The sky beast hits your orc wizard zombie.
The sky beast shocks your orc wizard zombie.
Your orc wizard zombie completely misses the sky beast.
Your kobold brigand zombie hits the sky beast.
The sky beast barely misses your orc wizard zombie.
Your orc wizard zombie barely misses the sky beast.
Your kobold brigand zombie barely misses the sky beast.
The sky beast barely misses your orc wizard zombie.
You feel less invigorated.
You feel less confused.
The sky beast barely misses your orc wizard zombie.
Your orc wizard zombie hits the sky beast.
Your kobold brigand zombie completely misses the sky beast.
The sky beast flickers out of sight!
Deactivating autopickup; reactivate with Ctrl-A.
Something hits your orc wizard zombie.
Something shocks your orc wizard zombie.
Your orc wizard zombie is destroyed!
Something barely misses your kobold brigand zombie.
Something hits your kobold brigand zombie.
Something shocks your kobold brigand zombie.
Something hits you. Something shocks you.
You see here 9 gold pieces.
You hit something. Something hits you. Something shocks you.
* * * LOW HITPOINT WARNING * * *
You hit something but do no damage. Something hits you.
* * * LOW HITPOINT WARNING * * *
Something shocks you.
* * * LOW HITPOINT WARNING * * *
You closely miss something. Something hits you.
* * * LOW HITPOINT WARNING * * *
Something shocks you.
You die...
Your body rises from the dead as a mindless zombie.

..# #. ..# #. ###..
###### #.##...
##....## #.#...
##......##
#.#..###...$$...#
#.#....'.){..$..#
#.#....'.Z@..$..#
#....###...$$...'.
###....##......##.#
#Z######....## .#
#.# ###### #Z#
#Z########.
#..........
#..######## ##Z#
#Z#


You could see a friendly kobold brigand zombie.

Vanquished Creatures
  A water moccasin (D:5)
  2 orc warriors
  A sky beast (D:6)
  An ice beast (D:6)
  3 black bears
  2 ogres
  2 centaurs
  2 kobold brigands
  A scorpion (D:4)
  2 necrophages (D:7)
  An electric eel (D:6)
  A jelly (D:4)
  A gnoll shaman (D:5)
  4 hounds
  2 iguanas
  2 orc wizards
  11 gnolls
  7 adders
  A white imp (D:6)
  2 ufetubi
  2 worms (D:3)
  4 dart slugs
  10 orcs
  4 bats
  15 endoplasms
  4 giant cockroaches
  10 goblins
  7 hobgoblins
  4 jackals
  3 quokkas
  6 ball pythons
  4 frilled lizards
  7 kobolds
  7 rats
136 creatures vanquished.

Vanquished Creatures (collateral kills)
  2 ice beasts
  A necrophage (D:5)
  A killer bee (D:7)
  An orc priest (D:7)
  A hound (D:4)
  An orc wizard (D:7)
  An adder (D:2)
  A worm (D:2)
  3 orcs
  A ball python (D:2)
  A bat (D:2)
  2 endoplasms
  A giant cockroach (D:2)
  A goblin (D:4)
  2 hobgoblins
  4 jackals
  A frilled lizard (D:2)
  2 kobolds
27 creatures vanquished.

Vanquished Creatures (others)
  An ice beast zombie (D:7)
  2 hound zombies
  A spectral white imp (D:6)
  A worm zombie (D:3)
  3 bat zombies
  3 gnoll zombies
  2 endoplasm zombies
  A goblin zombie (D:2)
  A hobgoblin zombie (D:2)
  3 jackal zombies
  4 kobold zombies
  6 orc zombies
  A spectral ufetubus (D:6)
29 creatures vanquished.

Grand Total: 192 creatures vanquished

Notes
Turn   | Place    | Note
-------+----------+-------------------------------------------
     0 | D:1      | om the Djinni Ice Elementalist began the quest for the Orb.
     0 | D:1      | om set off with the following spells memorised: Freeze,
                  | Frozen Ramparts, Ozocubu's Armour, Hailstorm.
     0 | D:1      | Reached XP level 1. HP: 15/15 MP: 0/0
    74 | D:1      | Reached XP level 2. HP: 14/21 MP: 0/0
   763 | D:1      | Reached XP level 3. HP: 24/25 MP: 0/0
   763 | D:1      | Learned a level 1 spell: Apportation
  1071 | D:1      | Found a faded altar of an unknown god.
  1083 | D:1      | Prayed at the altar of an unknown god.
  1083 | D:1      | Became a worshipper of Yredelemnul the Dark
  1083 | D:1      | Reached * piety under Yredelemnul
  1660 | D:2      | Reached XP level 4. HP: 8/31 MP: 0/0
  2631 | D:2      | Reached ** piety under Yredelemnul
  2848 | D:2      | Reached XP level 5. HP: 35/35 MP: 0/0
  2848 | D:2      | Learned a level 2 spell: Poisonous Vapours
  2883 | D:2      | Reached *** piety under Yredelemnul
  3132 | D:2      | Reached skill level 4 in Spellcasting
  3930 | D:3      | Reached XP level 6. HP: 27/40 MP: 0/0
  4639 | D:3      | Found a bloodstained altar of Trog.
  4902 | D:3      | Identified a scroll of acquirement
  5477 | D:4      | Identified the +3 leather armour of Youthful Indiscretion
                  | {Dex+3 SInv}
  5604 | D:4      | Reached skill level 5 in Dodging
  5604 | D:4      | Reached XP level 7. HP: 36/45 MP: 0/0
  5604 | D:4      | Learned a level 3 spell: Call Canine Familiar
  5767 | D:4      | Found Geafaylo's Distillery.
  5795 | D:4      | Bought a potion of degeneration for 10 gold pieces
  5795 | D:4      | Bought a potion of attraction for 30 gold pieces
  5795 | D:4      | Bought a potion of heal wounds for 50 gold pieces
  5795 | D:4      | Bought a potion of lignification for 30 gold pieces
  5795 | D:4      | Bought a potion of invisibility for 80 gold pieces
  5795 | D:4      | Bought a potion of cancellation for 80 gold pieces
  5959 | D:5      | Entered Level 5 of the Dungeon
  6021 | D:5      | Reached skill level 1 in Armour
  6021 | D:5      | Reached skill level 5 in Spellcasting
  6048 | D:5      | Noticed a water moccasin
  6128 | D:5      | Killed a water moccasin
  6129 | D:5      | Reached XP level 8. HP: 29/50 MP: 0/0
  6963 | D:5      | Identified the +6 dagger of the Grave {freeze, rC+}
  7302 | D:6      | Reached skill level 1 in Invocations
  7509 | D:6      | Reached skill level 6 in Spellcasting
  7745 | D:6      | Reached XP level 9. HP: 21/55 MP: 0/0
  7745 | D:6      | Learned a level 4 spell: Dispel Undead
  7981 | D:6      | HP: 1/55 [centaur (3)]
  8283 | D:6      | Found Loseoczu's Armour Boutique.
  8286 | D:6      | Found Rocsauri's Antique Armour Boutique.
  8288 | D:6      | Found Ciostreph's General Store.
  8290 | D:6      | Found Piriq's Book Boutique.
  8306 | D:6      | Reached skill level 5 in Armour
  8406 | D:6      | Bought a scroll of identify for 22 gold pieces
  9204 | D:7      | Acquired the +5 kite shield of the Iron City of Dis
                  | {Regen+}
  9250 | D:7      | Reached skill level 1 in Shields
  9574 | D:7      | Found a staircase to the Ecumenical Temple.
  9907 | D:7      | Slain by a sky beast

Illustrated notes

Levels and vault maps discovered:
D:1:      minmay_arrival_open_corners, layout_loops_ring,
          shapermc_ecumenical_altar_petra, minmay_surrounded
D:2:      cheibrodos_greedy_goblins, layout_basic, kennysheep_generic_room_9
D:3:      layout_basic, mainiacjoe_overflow_concentric_impassable,
          bh_walls_and_bars
D:4:      wad_pebble_path, layout_cave_pools, serial_shops, shop, sigmund_army
D:5:      layout_basic
D:6:      layout_loops_ring, minmay_shop_grid_forest, minivault_4,
          chequers_serial_rivers_large_b, eino_tiny_chamber
D:7:      minmay_polygon_palace, layout_loops_ring, minmay_temple_entry_grid

Skill      XL: |  1  2  3  4  5  6  7  8  9 |
---------------+----------------------------+-----
Dodging        | 3 4 5 |  5.0
Stealth        | 2 3 4 |  4.0
Spellcasting   | 4 5 6 |  6.8
Armour         | 2 4 5 |  5.8
Invocations    | 2 4 |  4.3
Shields        | 1 |  1.7

Action                   |  1- 3 |  4- 6 |  7- 9 || total
-------------------------+-------+-------+-------++-------
Melee: Dagger            |    55 |   135 |   104 ||   294
       Unarmed           |     1 |       |       ||     1
       Punch             |     1 |     2 |       ||     3
 Cast: Freeze            |    31 |    23 |    29 ||    83
       Frozen Ramparts   |     1 |     9 |    14 ||    24
       Ozocubu's Armour  |       |     3 |    12 ||    15
       Dispel Undead     |       |       |     4 ||     4
Invok: Recall Undead Har |     1 |     2 |     5 ||     8
       Dark Bargain      |       |       |     1 ||     1
  Use: Scroll            |       |     3 |    11 ||    14
       Potion            |       |       |     3 ||     3
 Stab: Sleeping          |     3 |     9 |     6 ||    18
       Distracted        |       |     1 |       ||     1
Armor: Robe              |    14 |    20 |    65 ||    99
Dodge: Dodged            |    51 |    87 |   123 ||   261

Table legend: (Time is in decaauts)
 A = Elapsed time spent in this place.
 B = Non-inter-level travel time spent in this place.
 C = Inter-level travel time spent in this place.
 D = Time resting spent in this place.
 E = Time spent auto-exploring this place.
 F = Levels seen in this place.
 G = Mean time per level.
                   A        B        C        D        E       F      G
               +--------+--------+--------+--------+--------+-----+--------+
         Total |   9904 |   9734 |    170 |   1888 |   6537 |   7 | 1414.9 |
       Dungeon |   9904 |   9734 |    170 |   1888 |   6537 |   7 | 1414.9 |
               +--------+--------+--------+--------+--------+-----+--------+

Top non-repeatable levels by time:
     D:2: 1984 daAuts
     D:3: 1850 daAuts
     D:6: 1841 daAuts
     D:1: 1445 daAuts
     D:5: 1334 daAuts
     D:7: 770 daAuts
     D:4: 676 daAuts
